 Dungeon Crawl Stone Soup version 0.21.1-1-g345015f (webtiles) character file.

100 Iko the Skirmisher (level 4, 0/33 HPs)
             Began as an Octopode Fighter on June 17, 2018.
             Was an Initiate of Nemelex Xobeh.
             Slain by a worker ant (5 damage)
             ... on level 4 of the Dungeon.
             The game lasted 00:05:31 (738 turns).

Iko the Skirmisher (Octopode Fighter)                Turns: 738, Time: 00:05:33

Health: 0/33       AC:  1    Str: 15    XL:     4   Next: 74%
Magic:  19/19      EV: 12    Int: 11    God:    Nemelex Xobeh [......]
Gold:   50         SH:  8    Dex: 11    Spells: 3/3 levels left

rFire    . . .     SeeInvis .   g - staff of power
rCold    . . .     Gourm    .   a - +0 shield
rNeg     . . .     Faith    .   (helmet restricted)
rPois    .         Spirit   .   (no amulet)
rElec    .         Reflect  .   (no ring)
rCorr    .         Harm     .   (no ring)
MR       .....                  (no ring)
Stlth    +++.......             (no ring)
HPRegen  0.11/turn              (no ring)
MPRegen  0.16/turn              (no ring)
                                (no ring)
                                (no ring)

@: lethally poisoned (0 -> -6)
A: almost no armour, stealthy swim, amphibious, 8 rings, constrict 8, camouflage
1, gelatinous body 1
a: Renounce Religion


You were on level 4 of the Dungeon.
You worshipped Nemelex Xobeh.
Nemelex Xobeh was noncommittal.
You were not hungry.

You visited 2 branches of the dungeon, and saw 6 of its levels.

You collected 50 gold pieces.

Inventory:

Hand Weapons
 f - a +0 war axe
Armour
 a - a +0 shield (worn)
Magical Staves
 g - an uncursed staff of power (weapon)
Wands
 d - a wand of random effects (8)
Scrolls
 e - a scroll of teleportation
Potions
 b - a potion of might
Comestibles
 c - 4 rations


   Skills:
 + Level 3.8 Fighting
 + Level 3.7 Dodging
 + Level 1.1 Stealth
 + Level 3.5 Shields
 + Level 2.5 Unarmed Combat
 + Level 0.2 Evocations


You had 3 spell levels left.
You didn't know any spells.

Dungeon Overview and Level Annotations

Branches:
Dungeon (5/15)             Temple (1/1) D:4

Altars:
Ashenzari
Cheibriados
Dithmenos
Elyvilon
Fedhas
Gozag
Makhleb
Nemelex Xobeh
Okawaru
Qazlal
Sif Muna
Trog
Uskayaw
Vehumet
Wu Jian
Xom
Yredelemnul
The Shining One


Innate Abilities, Weirdness & Mutations

You cannot wear most types of armour.
You are very stealthy in the water. (Stealth+)
You are amphibious.
You can wear up to eight rings at the same time.
You can use your tentacles to constrict eight enemies at once.
Your skin changes colour to match your surroundings (Stealth+).
Your rubbery body absorbs attacks. (AC +1, EV +1)


Message History

You climb upwards.
There is a stone staircase leading down here.
Something hits you!
Found a scroll labeled LIWYMA JUST.
Something hits you.
A worker ant comes into view.
The worker ant bites you!
You are poisoned.
The worker ant poisons you!
You hit the worker ant but do no damage.
You grab the worker ant. You constrict the worker ant.
You feel sick. You block the worker ant's attack. You block something's attack.
You hit the worker ant but do no damage.
The worker ant is lightly wounded.
You constrict the worker ant. You block the worker ant's attack.
Something hits you!
* * * LOW HITPOINT WARNING * * *
The worker ant bites you.
You die...
Your body disappears without a glow.

.'..'#....#######..#######..##
.##..'....#..............'...#
_≈#..#....#..>...........#...#
###.##....#####...###...######
###.#####....########...#
........#....#....+.....+
........#....#....#.....#
#..####+#....####....#### #..#
.......@####...... ...#
......a.# ...... ...#
...?....# ...... ####
........# ...... #########
######


You could see a worker ant.

Vanquished Creatures
  A jelly (D:3)
  An orc wizard (D:4)
  A worker ant (D:4)
  An ooze (D:4)
  A leopard gecko (D:4)
  5 orcs
  A ball python (D:4)
  A quokka (D:3)
  A bat (D:2)
  A quokka skeleton (D:4)
  A rat (D:3)
15 creatures vanquished.

Notes
Turn   | Place    | Note
-------+----------+-------------------------------------------
     0 | D:1      | Iko the Octopode Fighter began the quest for the Orb.
     0 | D:1      | Reached XP level 1. HP: 16/16 MP: 1/1
   137 | D:3      | Noticed a jelly
   146 | D:3      | Killed a jelly
   146 | D:3      | Reached XP level 2. HP: 13/21 MP: 2/2
   146 | D:3      | Reached XP level 3. HP: 16/26 MP: 3/3
   288 | D:4      | Reached skill level 1 in Stealth
   288 | D:4      | Reached XP level 4. HP: 23/31 MP: 4/4
   316 | D:4      | Found a staircase to the Ecumenical Temple.
   330 | Temple   | Entered the Ecumenical Temple
   624 | D:4      | Found a glowing golden altar of the Shining One.
   624 | D:4      | Found a sparkling altar of Nemelex Xobeh.
   632 | D:4      | Became a worshipper of Nemelex Xobeh the Trickster
   717 | D:5      | Entered Level 5 of the Dungeon
   738 | D:4      | Slain by a worker ant

Skill      XL: |  1  2  3 |
---------------+----------+-----
Stealth        | 1 |  1.1
Fighting       | |  3.8
Dodging        | |  3.7
Shields        | |  3.5
Unarmed Combat | |  2.5
Evocations     | |  0.2

Action                   |  1- 3 |  4- 6 || total
-------------------------+-------+-------++-------
Melee: Unarmed           |     5 |       ||     5
       Tentacles         |     4 |     1 ||     5
       Constrict         |     4 |     4 ||     8
       Punch             |     1 |       ||     1
       Spear             |     4 |       ||     4
       Staff             |     2 |    15 ||    17
Evoke: Wand              |     1 |     8 ||     9
  Use: Scroll            |     3 |       ||     3
       Potion            |     2 |       ||     2
 Stab: Sleeping          |     2 |       ||     2
Dodge: Dodged            |     4 |     3 ||     7
Block: Shield            |       |    10 ||    10
